[Event "Early-Titled-Tuesday-Blitz-October-17-2023"]
[Site "Chess.com"]
[Date "2023.10.17"]
[Round "5"]
[White "Herman-NY"]
[Black "Magila31"]
[Result "1-0"]
[WhiteElo "2546"]
[BlackElo "2373"]
[TimeControl "180+1"]
[EndTime "8:52:22 PDT"]
[Termination "Herman-NY won by resignation"]

1. e4 e5 2. Nf3 Nc6 3. Bb5 Nf6 4. d3 Bc5 5. c3 O-O 6. Bg5 h6 7. Bh4 Be7 8. Bg3 d6 9. Nbd2 Nh5 10. Bxc6 Nxg3 11.
Bxb7 Bxb7 12. hxg3 f5 13. Qb3+ 1-0

[Event "Early-Titled-Tuesday-Blitz-October-17-2023"]
[Site "Chess.com"]
[Date "2023.10.17"]
[Round "5"]
[White "Mesa_1"]
[Black "noblerone"]
[Result "1-0"]
[WhiteElo "2593"]
[BlackElo "2508"]
[TimeControl "180+1"]
[EndTime "8:53:01 PDT"]
[Termination "Mesa_1 won by resignation"]

1. e4 c5 2. Nf3 e6 3. Nc3 Nc6 4. d4 cxd4 5. Nxd4 Qc7 6. Be2 Nf6 7. O-O a6 8. Be3 Be7 9. f4 d6 10. Qe1 Nxd4 11. Bxd4 e5 12. fxe5 dxe5 13. Qg3 Rg8 14. Bxe5 Qb6+ 15. Kh1 Nd7 16. Nd5 Qc6 17. Nc7+ 1-0

[Event "Early-Titled-Tuesday-Blitz-October-17-2023"]
[Site "Chess.com"]
[Date "2023.10.17"]
[Round "5"]
[White "DreamsAreFake"]
[Black "profedechess93"]
[Result "1-0"]
[WhiteElo "2747"]
[BlackElo "2607"]
[TimeControl "180+1"]
[EndTime "8:53:20 PDT"]
[Termination "DreamsAreFake won by resignation"]

1. Nf3 d5 2. g3 Nf6 3. Bg2 c6 4. O-O g6 5. d4 Bg7 6. c3 O-O 7. a4 a5 8. Nbd2 Ne4 9. Nxe4 dxe4 10. Nd2 f5 11. f3 exf3 12. exf3 e5 13. dxe5 Bxe5 14. Nc4 Bc7 15. Bh6 Re8 16. Re1 Be6 17. Qxd8 Bxd8 18. Nd6 Re7 19. Bg5 Rd7 20. Bxd8 Rxd6 21.
Bc7 1-0

[Event "Early-Titled-Tuesday-Blitz-October-17-2023"]
[Site "Chess.com"]
[Date "2023.10.17"]
[Round "5"]
[White "PoXerStar"]
[Black "averageFM"]
[Result "0-1"]
[WhiteElo "2420"]
[BlackElo "2564"]
[TimeControl "180+1"]
[EndTime "8:53:33 PDT"]
[Termination "averageFM won by checkmate"]

1. c4 Nf6 2. Nf3 e6 3. g3 d5 4. Bg2 Be7 5. O-O O-O 6. d4 dxc4 7. Qc2 b5 8. a4 b4 9. Ne5 Qxd4 10. Bxa8 Qxe5 11.
Bf4 Qh5 12. Bf3 Ng4 13. h4 e5 14. Bc1 Bxh4 15. Qe4 Bxg3 16. Bxg4 Qh2# 0-1

[Event "Early-Titled-Tuesday-Blitz-October-17-2023"]
[Site "Chess.com"]
[Date "2023.10.17"]
[Round "5"]
[White "Logman74"]
[Black "chess_blitz00"]
[Result "0-1"]
[WhiteElo "2425"]
[BlackElo "2564"]
[TimeControl "180+1"]
[EndTime "8:53:58 PDT"]
[Termination "chess_blitz00 won by resignation"]

1. e4 d6 2. d4 Nf6 3. Nc3 e5 4.
Nf3 Nbd7 5. Bc4 Be7 6. O-O O-O 7. Qe2 c6 8. a4 a5 9. Rd1 Qc7 10. Bg5 h6 11. Bh4 Re8 12. dxe5 Nxe5 13. Nxe5 dxe5 14. Bg3 Bc5 15. h3 Be6 16. Bxe6 Rxe6 17. Qc4 Qb6 18. Rd2 Bd4 19. Rad1 Qxb2 20. Rb1 Qxc3 0-1

[Event "Early-Titled-Tuesday-Blitz-October-17-2023"]
[Site "Chess.com"]
[Date "2023.10.17"]
[Round "5"]
[White "Manukyan_Artak"]
[Black "HamedWafa4"]
[Result "0-1"]
[WhiteElo "2477"]
[BlackElo "2613"]
[TimeControl "180+1"]
[EndTime "8:54:01 PDT"]
[Termination "HamedWafa4 won by resignation"]

1. e4 e5 2. Nf3 Nc6 3. d4 exd4 4. Nxd4 Bc5 5. Nxc6 bxc6 6. Bc4 Qh4 7. O-O Nf6 8. Qf3 d5 9. e5 Ne4 10. Bd3 Bg4 11. Qf4 g5 12. g3 Qh3 13. Qxe4 dxe4 14. Bxe4 O-O-O 15. Bxg5 Rde8 16. Nc3 Rxe5 17. Bf6 Rxe4 18.
Nxe4 Bf3 0-1

[Event "Early-Titled-Tuesday-Blitz-October-17-2023"]
[Site "Chess.com"]
[Date "2023.10.17"]
[Round "5"]
[White "DanyKopy"]
[Black "Fore_Man"]
[Result "1-0"]
[WhiteElo "2538"]
[BlackElo "2334"]
[TimeControl "180+1"]
[EndTime "8:54:36 PDT"]
[Termination "DanyKopy won by resignation"]

1. d4 Nf6 2. Nf3 e6 3. c4 d5 4.
Nc3 c5 5. cxd5 Nxd5 6. e4 Nxc3 7. bxc3 cxd4 8. cxd4 Bb4+ 9. Bd2 Bxd2+ 10. Qxd2 O-O 11.
Bc4 Nc6 12. O-O Qe7 13. Rfd1 b6 14. a4 Bb7 15. Qb2 Na5 16. Bd3 Rac8 17. Rdc1 Qd7 18. Ne5 Qd6 19. Bb5 Bxe4 20. Re1 Bb7 21. Ra3 Qd5 22. Rg3 f6 23. Nd3 Nc4 24. Qe2 Qxd4 25. Qxe6+ Kh8 26. Qe7 Rg8 27. Qxb7 Nd6 28. Qxa7 Nxb5 29.
axb5 Rc3 30. Qxg7+ Rxg7 31. Re8+ 1-0

[Event "Early-Titled-Tuesday-Blitz-October-17-2023"]
[Site "Chess.com"]
[Date "2023.10.17"]
[Round "5"]
[White "a-z30"]
[Black "GAusal"]
[Result "1-0"]
[WhiteElo "2497"]
[BlackElo "2268"]
[TimeControl "180+1"]
[EndTime "8:54:39 PDT"]
[Termination "a-z30 won by resignation"]

1. d3 d5 2. Nf3 Nf6 3. g3 Bg4 4.
Bg2 e6 5. c4 Bxf3 6. Bxf3 c6 7.
O-O Be7 8. Qc2 Nbd7 9. Rd1 O-O 10. d4 Rc8 11. Nc3 b6 12. b3 c5 13. dxc5 Nxc5 14. cxd5 exd5 15. Nxd5 Nxd5 16. Rxd5 Qc7 17. Bb2 Ne6 18.
Qxc7 Rxc7 19. Rad1 Rc2 20. R5d2 Rfc8 21. Bg4 Nc5 22.
Bxc8 1-0

[Event "Early-Titled-Tuesday-Blitz-October-17-2023"]
[Site "Chess.com"]
[Date "2023.10.17"]
[Round "5"]
[White "PabloZarnicki"]
[Black "LeRoidesChampions"]
[Result "0-1"]
[WhiteElo "2508"]
[BlackElo "2688"]
[TimeControl "180+1"]
[EndTime "8:54:55 PDT"]
[Termination "LeRoidesChampions won by resignation"]

1. e4 c5 2. Nf3 a6 3. c3 e6 4. d4 d5 5. exd5 Qxd5 6. Be2 Nc6 7.
O-O cxd4 8. cxd4 Nf6 9. Nc3 Qd8 10. Be3 Be7 11. Ne5 Bd7 12. Bf3 Rc8 13. Qb3 Na5 14. Qd1 O-O 15. d5 exd5 16. Nxd7 Qxd7 17. Nxd5 Nxd5 18. Qxd5 Qxd5 19. Bxd5 Bf6 20. Rab1 Nc4 21. Bf4 b5 22. Bb7 Rc5 23. b3 g5 24. Bc1 Nd6 25. Bxa6 Rc6 26. Bxb5 Nxb5 27. Bd2 Rc2 28. a4 Rxd2 29. axb5 Rb8 0-1

[Event "Early-Titled-Tuesday-Blitz-October-17-2023"]
[Site "Chess.com"]
[Date "2023.10.17"]
[Round "5"]
[White "Roedor"]
[Black "mary-sanna"]
[Result "1-0"]
[WhiteElo "2408"]
[BlackElo "2174"]
[TimeControl "180+1"]
[EndTime "8:55:00 PDT"]
[Termination "Roedor won by resignation"]

1. d4 Nf6 2. c4 e6 3. g3 d5 4. Bg2 dxc4 5. Qa4+ Bd7 6. Qxc4 Nc6 7. Be3 a6 8. Nh3 Bb4+ 9. Nc3 Qe7 10. O-O O-O 11. Rac1 Rac8 12. a3 Ba5 13. Rfd1 Rfd8 14. Bg5 h6 15. Bxf6 Qxf6 16. Ne4 Qe7 17. Nc5 Rb8 18.
b4 Bb6 19. Nxd7 Qxd7 20. Bxc6 bxc6 21. Qxc6 Qxc6 22. Rxc6 Bxd4 23. Rxc7 Bxf2+ 24. Nxf2 Rxd1+ 25. Nxd1 Rd8 26. Ne3 Rd2 27. Kf2 Ra2 28. Nc4 Kf8 29.
Rc6 Rc2 30. a4 Ke7 31. b5 axb5 32. axb5 1-0

[Event "Early-Titled-Tuesday-Blitz-October-17-2023"]
[Site "Chess.com"]
[Date "2023.10.17"]
[Round "5"]
[White "samolo"]
[Black "js20000"]
[Result "0-1"]
[WhiteElo "2755"]
[BlackElo "2891"]
[TimeControl "180+1"]
[EndTime "8:55:03 PDT"]
[Termination "js20000 won by resignation"]

1. Nf3 b6 2. g3 Bb7 3. Bg2 e6 4.
O-O Nf6 5. d3 Be7 6. e4 c5 7. Nfd2 Qc7 8. f4 d6 9. Nc3 a6 10. a4 O-O 11. g4 Nc6 12. g5 Nd7 13. h4 f5 14. exf5 Rxf5 15. Bh3 Nd4 16. Ne2 Qc6 17. Ne4 Raf8 18. c3 Nxe2+ 19. Qxe2 c4 20. Bg2 cxd3 21. Qxd3 Nc5 22. Nf6+ gxf6 23. Bxc6 Nxd3 24.
Bxb7 Nxc1 25. Be4 Rxf4 0-1

[Event "Early-Titled-Tuesday-Blitz-October-17-2023"]
[Site "Chess.com"]
[Date "2023.10.17"]
[Round "5"]
[White "Maluco_do_Natal_00"]
[Black "HanSchut"]
[Result "0-1"]
[WhiteElo "1995"]
[BlackElo "2316"]
[TimeControl "180+1"]
[EndTime "8:55:10 PDT"]
[Termination "HanSchut won by checkmate"]

1. e4 c5 2. Nf3 d6 3. d4 cxd4 4. Nxd4 Nf6 5. Nc3 a6 6. Be3 e5 7. Nb3 Be6 8. f3 Be7 9. Qd2 O-O 10. O-O-O Nbd7 11. g4 b5 12. g5 b4 13. Ne2 Ne8 14.
f4 a5 15. Kb1 Bxb3 16. cxb3 a4 17. bxa4 Rxa4 18. f5 Rxa2 19. Kxa2 Qa8+ 20. Kb3 Bxg5 21. Ng3 Nc5+ 22. Kxb4 Qa4+ 23. Kc3 Qb3# 0-1

[Event "Early-Titled-Tuesday-Blitz-October-17-2023"]
[Site "Chess.com"]
[Date "2023.10.17"]
[Round "5"]
[White "Russian_berezka"]
[Black "chrisclaireredfield"]
[Result "1-0"]
[WhiteElo "2670"]
[BlackElo "2515"]
[TimeControl "180+1"]
[EndTime "8:55:14 PDT"]
[Termination "Russian_berezka won by resignation"]

1. d4 d5 2. c4 e6 3. Nc3 Be7 4. cxd5 exd5 5. Bf4 c6 6. e3 Bf5 7. Nge2 Nf6 8. Ng3 Bg6 9. h4 h6 10. h5 Bh7 11. Bd3 Bxd3 12. Qxd3 O-O 13. Nf5 Re8 14.
O-O-O Bf8 15. f3 b5 16. g4 Nh7 17. e4 b4 18. Ne2 Nd7 19. Kb1 Qb6 20. Rdg1 f6 21.
exd5 cxd5 22. Ne3 Qb7 23. Rc1 Nb6 24. Rc7 Qb8 25. Rxg7+ Bxg7 26. Bxb8 Raxb8 27. Nf4 Rbd8 28. Nf5 Nc4 29. Nxd5 Nd6 30. Nde7+ Kf7 31. Qb3+ 1-0

[Event "Early-Titled-Tuesday-Blitz-October-17-2023"]
[Site "Chess.com"]
[Date "2023.10.17"]
[Round "5"]
[White "The_Machine04"]
[Black "surrenderPLS"]
[Result "1-0"]
[WhiteElo "2688"]
[BlackElo "2506"]
[TimeControl "180+1"]
[EndTime "8:55:21 PDT"]
[Termination "The_Machine04 won by resignation"]

1. d4 Nf6 2. Nf3 e6 3. Nbd2 d5 4. e3 c5 5. c3 Nc6 6. Bd3 c4 7. Bc2 b5 8. O-O Bb7 9. e4 dxe4 10. Nxe4 Be7 11. Qe2 O-O 12. Re1 Nd5 13. Bg5 h6 14.
Bd2 a6 15. Rad1 Qc7 16. a3 Rad8 17. g3 Rfe8 18. h4 Bf8 19. Bc1 f5 20. Neg5 hxg5 21. Nxg5 g6 22. h5 e5 23. hxg6 exd4 24. Qh5 d3 25.
Rxe8 Rxe8 26. g7 Qxg7 27. Qxe8 dxc2 28. Rxd5 Ne7 29. Rd8 Qh6 30. Qf7+ Kh8 31. Rxf8+ Qxf8 32. Qxf8+ Ng8 33. Nf7+ Kh7 34. Ng5+ Kh8 35. Ne6 1-0

[Event "Early-Titled-Tuesday-Blitz-October-17-2023"]
[Site "Chess.com"]
[Date "2023.10.17"]
[Round "5"]
[White "KononenkoD"]
[Black "Arystanner"]
[Result "0-1"]
[WhiteElo "2632"]
[BlackElo "2802"]
[TimeControl "180+1"]
[EndTime "8:55:25 PDT"]
[Termination "Arystanner won by resignation"]

1. d4 Nf6 2. c4 e6 3. g3 d5 4. Nf3 Bb4+ 5. Bd2 Be7 6. Bg2 O-O 7. O-O Nbd7 8. Qc2 c6 9. Bf4 a5 10. Nbd2 a4 11. e4 Qa5 12. e5 Ne8 13. Rac1 Nc7 14.
c5 Nb5 15. Rfd1 b6 16. cxb6 Bb7 17. Bf1 Qxb6 18. Bxb5 Qxb5 19. Be3 Rfc8 20. Nf1 h6 21. g4 a3 22. b3 c5 23. Qd2 cxd4 24. Nxd4 Qb4 25.
Qe2 Nxe5 26. Bxh6 Ng6 27. Be3 Bf6 28. Ng3 Rxc1 29. Rxc1 Bxd4 30. Rc7 Bxe3 31. Qxe3 d4 32. Qc1 Bd5 33. Nh5 d3 34. Rc3 Qxg4+ 35. Ng3 Qf3 36. Qf1 d2 37. Rxf3 Bxf3 38. Ne2 Rd8 39. Qd1 Bxe2 40.
Qxe2 d1=Q+ 41. Qxd1 Rxd1+ 42. Kg2 Rd2 0-1

[Event "Early-Titled-Tuesday-Blitz-October-17-2023"]
[Site "Chess.com"]
[Date "2023.10.17"]
[Round "5"]
[White "kritipatel"]
[Black "alexrustemov"]
[Result "0-1"]
[WhiteElo "2134"]
[BlackElo "2800"]
[TimeControl "180+1"]
[EndTime "8:55:34 PDT"]
[Termination "alexrustemov won by resignation"]

1. e4 e6 2. d4 d5 3. Nc3 Bb4 4. exd5 exd5 5. Bd3 Nc6 6. a3 Bxc3+ 7. bxc3 Qf6 8. Nf3 Nge7 9. O-O h6 10. Rb1 O-O 11. h3 b6 12. Re1 Bf5 13. Ne5 Nxe5 14. Rxe5 Bxd3 15. Qxd3 c6 16. a4 Ng6 17. Rf5 Qd6 18. Bd2 Qa3 19. Rb3 Qxa4 20. Qg3 Qa2 21. Qd3 b5 22. g3 Rfe8 23. h4 Re6 24. h5 Ne7 25. Rf3 a5 26. Rb1 Qxb1+ 0-1

[Event "Early-Titled-Tuesday-Blitz-October-17-2023"]
[Site "Chess.com"]
[Date "2023.10.17"]
[Round "5"]
[White "supereagles1201"]
[Black "DonCiao"]
[Result "1-0"]
[WhiteElo "2362"]
[BlackElo "2097"]
[TimeControl "180+1"]
[EndTime "8:55:44 PDT"]
[Termination "supereagles1201 won on time"]

1. d4 Nf6 2. Bg5 d5 3. e3 Nbd7 4. Nf3 g6 5. Nbd2 Bg7 6. Be2 O-O 7.
O-O c5 8. c3 h6 9. Bh4 b6 10.
a4 a6 11. b4 c4 12. Ne5 Nxe5 13. dxe5 Nh7 14. f4 Qc7 15. Nf3 Bf5 16. Nd4 Be4 17. Bf3 Bd3 18. Bxd5 Bxf1 19. Bxa8 Bd3 20. Bf3 g5 21.
Bg3 e6 22. Be2 Bg6 23. Qf1 Rc8 24. Qf3 Qe7 25. b5 a5 26. Bf2 f6 27. Nc6 Qf7 28. Bxc4 fxe5 29. fxe5 Qxf3 30. gxf3 Nf8 31. Rd1 Bh5 32.
Kg2 Ng6 33. Bg3 1-0

[Event "Early-Titled-Tuesday-Blitz-October-17-2023"]
[Site "Chess.com"]
[Date "2023.10.17"]
[Round "5"]
[White "crazy_m_attack"]
[Black "SanchezKelvin"]
[Result "0-1"]
[WhiteElo "2438"]
[BlackElo "2575"]
[TimeControl "180+1"]
[EndTime "8:55:45 PDT"]
[Termination "SanchezKelvin won by resignation"]

1. e4 e5 2. Nf3 Nc6 3. Bb5 a6 4. Ba4 Nf6 5. O-O b5 6. Bb3 Nxe4 7. d4 d5 8. dxe5 Be6 9. Nbd2 Nc5 10. c3 Be7 11. Bc2 Qd7 12. Nb3 Bg4 13. Re1 Ne6 14. h3 Bh5 15. Bf5 O-O 16. Qd3 Bg6 17. Rd1 Rad8 18.
Bxg6 fxg6 19. Qe2 Rf7 20. Nfd4 Ncxd4 21. Nxd4 c5 22. Nxe6 Qxe6 23. f4 Rdf8 24. a4 b4 25. cxb4 cxb4 26. Be3 g5 27. fxg5 Qxe5 28. Qd2 Bd6 0-1

[Event "Early-Titled-Tuesday-Blitz-October-17-2023"]
[Site "Chess.com"]
[Date "2023.10.17"]
[Round "5"]
[White "alsdesdentao"]
[Black "lolo9292"]
[Result "0-1"]
[WhiteElo "2475"]
[BlackElo "2198"]
[TimeControl "180+1"]
[EndTime "8:55:48 PDT"]
[Termination "lolo9292 won by resignation"]

1. d4 e6 2. g3 Nf6 3. Bg2 d5 4. Nf3 Bd7 5. O-O Bc6 6. Ne5 b5 7. a4 a6 8. Nd2 Bb7 9. c3 Nbd7 10. Nb3 Nxe5 11. dxe5 Nd7 12. Na5 Qc8 13. Bf4 c5 14. Qd3 Be7 15. axb5 c4 16. Qf3 axb5 17. Qg4 g6 18. h4 Bd8 19. Nxb7 Qxb7 20. Qf3 Bb6 21. h5 O-O-O 22. h6 Nc5 23. Bg5 Rd7 24. Bf6 Rg8 25. Qf4 Kc7 26. g4 Ra8 27. Rxa8 Qxa8 28. Qc1 Kc6 29. Qa1 Qxa1 30. Rxa1 Ra7 31. Rxa7 Bxa7 32.
e4 Nxe4 33. Bxe4 dxe4 34. Kf1 Kd5 35. Ke2 Bb6 36. f4 exf3+ 37. Kxf3 b4 38. Bg7 bxc3 39.
bxc3 Ba5 40. Kf4 Bxc3 41. Bh8 Bd4 42. g5 c3 43. Kf3 Bxe5 44. Bg7 c2 45. Bxe5 Kxe5 46.
Kg4 c1=Q 47. Kh4 Qh1+ 48. Kg3 Qg1+ 49. Kh3 Qxg5 0-1

[Event "Early-Titled-Tuesday-Blitz-October-17-2023"]
[Site "Chess.com"]
[Date "2023.10.17"]
[Round "5"]
[White "Sanyura"]
[Black "Resignify"]
[Result "1-0"]
[WhiteElo "2542"]
[BlackElo "2359"]
[TimeControl "180+1"]
[EndTime "8:55:51 PDT"]
[Termination "Sanyura won on time"]

1. e4 d6 2. d4 Nf6 3. Nc3 g6 4. Bc4 c6 5. Bb3 Bg7 6. Nf3 O-O 7. O-O Na6 8. h3 c5 9. e5 Nd7 10. e6 fxe6 11. Ng5 Nf6 12. Bxe6+ Kh8 13. d5 Qe8 14. Bxc8 Rxc8 15. Ne6 Rg8 16. f4 Nc7 17. f5 gxf5 18. Nxc7 Rxc7 19. Rxf5 Qg6 20. Rg5 Qf7 21. Qe2 Nxd5 22.
Nxd5 Bd4+ 23. Kh1 Rxg5 24. Nxc7 Re5 25. Qd1 Qf2 26. Bh6 Re2 27. Qf1 Rxc2 28. Nd5 Rxb2 29.
Nxe7 Re2 30. Qxf2 Rxf2 31. Re1 1-0

[Event "Early-Titled-Tuesday-Blitz-October-17-2023"]
[Site "Chess.com"]
[Date "2023.10.17"]
[Round "5"]
[White "AvitalBor"]
[Black "frederiksvane"]
[Result "1-0"]
[WhiteElo "2840"]
[BlackElo "2908"]
[TimeControl "180+1"]
[EndTime "8:55:56 PDT"]
[Termination "AvitalBor won by checkmate"]

1. e4 c5 2. c3 e6 3. d4 d5 4. exd5 exd5 5. Nf3 Nf6 6. Bb5+ Bd7 7. Bxd7+ Nbxd7 8. O-O Be7 9. dxc5 Nxc5 10. Be3 O-O 11.
h3 h6 12. Nbd2 Re8 13. Nd4 Qd7 14. N2b3 Nce4 15. Qf3 Nd6 16. Nc5 Qc8 17. Nd3 Nfe4 18. Rad1 Nc4 19. Nf5 Bf6 20. Bc1 Qe6 21. Qg4 Kh7 22.
Nf4 Qc8 23. Nxd5 Re5 24. Nxf6+ Nxf6 25. Qxg7# 1-0

[Event "Early-Titled-Tuesday-Blitz-October-17-2023"]
[Site "Chess.com"]
[Date "2023.10.17"]
[Round "5"]
[White "jcibarra"]
[Black "fu24"]
[Result "1-0"]
[WhiteElo "2897"]
[BlackElo "2661"]
[TimeControl "180+1"]
[EndTime "8:55:57 PDT"]
[Termination "jcibarra won by resignation"]

1. Nf3 g6 2. e4 Bg7 3. d4 d6 4. Bc4 a6 5. O-O e6 6. Bb3 Ne7 7. c3 b6 8. Bf4 Bb7 9. Nbd2 h6 10.
h4 Nd7 11. Re1 e5 12. Bg3 O-O 13. a4 Kh7 14. h5 gxh5 15. Nh4 Nf6 16. dxe5 dxe5 17.
Bxe5 Ng6 18. Bg3 Ng4 19. Nf5 Bh8 20. Nf3 N6e5 21. Nxe5 Bxe5 22. Bxe5 Qxd1 23. Raxd1 Nxe5 24. f4 Ng6 25. Rd7 Nxf4 26. Bxf7 Kh8 27. Rxc7 Rab8 28. Nxh6 Nd3 29. Bg6 1-0

[Event "Early-Titled-Tuesday-Blitz-October-17-2023"]
[Site "Chess.com"]
[Date "2023.10.17"]
[Round "5"]
[White "m_ezat"]
[Black "pirulillo"]
[Result "1-0"]
[WhiteElo "2538"]
[BlackElo "2334"]
[TimeControl "180+1"]
[EndTime "8:55:59 PDT"]
[Termination "m_ezat won by resignation"]

1. d4 Nf6 2. c4 g6 3. Nc3 Bg7 4. e4 d6 5. Be2 O-O 6. Bg5 c5 7. d5 Qa5 8. Bd2 Qd8 9. Nf3 e6 10.
h3 exd5 11. exd5 a6 12. Bg5 Qa5 13. O-O b5 14. cxb5 axb5 15. Bxb5 Ba6 16. a4 Nbd7 17. Nd2 Qb4 18. Qc2 Ne5 19. Rfe1 Bc8 20. g4 Nfxg4 21. Re4 Bf5 22. Rxb4 Bxc2 23. Rxg4 Nxg4 24. hxg4 Rfb8 25. Re1 Bxc3 26. bxc3 Bxa4 27. Bf1 Bd7 28. Nc4 Kg7 29. Nxd6 h6 30. Be3 Rb3 31. Bxc5 Rxc3 32. Bd4+ 1-0

[Event "Early-Titled-Tuesday-Blitz-October-17-2023"]
[Site "Chess.com"]
[Date "2023.10.17"]
[Round "5"]
[White "nicolochessit"]
[Black "sterpfi"]
[Result "1-0"]
[WhiteElo "2286"]
[BlackElo "2152"]
[TimeControl "180+1"]
[EndTime "8:56:01 PDT"]
[Termination "nicolochessit won by checkmate"]

1. e4 c6 2. d4 d5 3. Nc3 dxe4 4. Nxe4 Nf6 5. Nxf6+ exf6 6. c3 Bd6 7. Bd3 O-O 8.
Ne2 Re8 9. O-O Nd7 10. Nf4 Nf8 11.
Qf3 Bd7 12. Bd2 Qc7 13. h3 Rad8 14. Rfe1 c5 15. Rac1 cxd4 16. cxd4 Qb6 17. Nd5 Qxb2 18. Bc3 Qxa2 19. Nxf6+ gxf6 20. Qxf6 Bc6 21. d5 Be5 22. Rxe5 Ng6 23. Rxe8+ Rxe8 24. Qg7# 1-0

[Event "Early-Titled-Tuesday-Blitz-October-17-2023"]
[Site "Chess.com"]
[Date "2023.10.17"]
[Round "5"]
[White "Zurability"]
[Black "Nf3c5"]
[Result "1-0"]
[WhiteElo "2748"]
[BlackElo "2607"]
[TimeControl "180+1"]
[EndTime "8:56:03 PDT"]
[Termination "Zurability won on time"]

1. Nf3 d5 2. g3 c6 3. Bg2 Nf6 4.
O-O Bf5 5. d3 e6 6. Be3 h6 7. c4 dxc4 8. dxc4 Qxd1 9. Rxd1 Nbd7 10. Nc3 Bb4 11. Rac1 O-O 12. a3 Bc5 13. Nd4 Bg4 14. b4 Be7 15. h3 Bh5 16. Nb3 Nb6 17. Na5 Rfb8 18. Bf4 Rc8 19. g4 Bg6 20. e4 Ne8 21. c5 1-0

[Event "Early-Titled-Tuesday-Blitz-October-17-2023"]
[Site "Chess.com"]
[Date "2023.10.17"]
[Round "5"]
[White "Ural_bogatyr"]
[Black "Dewarfd"]
[Result "1-0"]
[WhiteElo "2520"]
[BlackElo "2194"]
[TimeControl "180+1"]
[EndTime "8:56:03 PDT"]
[Termination "Ural_bogatyr won by resignation"]

1. d4 Nf6 2. Nc3 d5 3. Bf4 Bf5 4. e3 e6 5. f3 Bd6 6. Nge2 O-O 7. g4 Bg6 8. h4 h5 9. g5 Nfd7 10. Bxd6 cxd6 11. Nf4 Nc6 12. a3 a6 13. Bd3 Bxd3 14.
Qxd3 g6 15. Nxe6 fxe6 16. Qxg6+ Kh8 17. Qh6+ Kg8 18. Qxe6+ Kh8 19. Qh6+ Kg8 20. Qg6+ Kh8 21. Qxh5+ Kg8 22. Qg6+ Kh8 23. Nxd5 Qe8 24. Qh6+ Kg8 25. g6 Nf6 26. Nxf6+ 1-0

[Event "Early-Titled-Tuesday-Blitz-October-17-2023"]
[Site "Chess.com"]
[Date "2023.10.17"]
[Round "5"]
[White "Fan_Of_Chucky"]
[Black "wannabe2700"]
[Result "1-0"]
[WhiteElo "2499"]
[BlackElo "2627"]
[TimeControl "180+1"]
[EndTime "8:56:04 PDT"]
[Termination "Fan_Of_Chucky won by resignation"]

1. d4 Nc6 2. d5 Ne5 3. f4 Ng6 4. e4 e5 5. dxe6 fxe6 6. Nf3 Nf6 7. e5 Nd5 8. f5 Nxe5 9. Nxe5 Qh4+ 10. g3 Qe4+ 11.
Qe2 Qxh1 12. Qh5+ g6 13. fxg6 Qe4+ 14. Be2 hxg6 15. Qxh8 d6 16. Nxg6 Kf7 17. Nxf8 Nf6 18. Bg5 Ng8 19. Nc3 Qf5 20. Bh5+ Kxf8 21. Bh6+ Ke7 22.
Qg7+ Qf7 23. Qxf7+ 1-0

[Event "Early-Titled-Tuesday-Blitz-October-17-2023"]
[Site "Chess.com"]
[Date "2023.10.17"]
[Round "5"]
[White "NelsonLinda"]
[Black "lamomiajunior"]
[Result "0-1"]
[WhiteElo "2600"]
[BlackElo "2742"]
[TimeControl "180+1"]
[EndTime "8:56:07 PDT"]
[Termination "lamomiajunior won by resignation"]

1. Nf3 d5 2. b3 c5 3. Bb2 f6 4. c4 d4 5. e3 Nc6 6. exd4 cxd4 7. g3 e5 8. d3 Be6 9. Bg2 Bd6 10.
O-O Nge7 11. Ba3 Bxa3 12. Nxa3 O-O 13. Nc2 a5 14. Na3 Qd7 15. Nb5 Ng6 16. Re1 Rae8 17. a3 h6 18. h4 Bg4 19. Qb1 f5 20. Nh2 f4 21. Nxg4 Qxg4 22. Qd1 Qd7 23. Qh5 Rf6 24. Bd5+ Kh8 25. Rab1 fxg3 26. fxg3 Qh3 27. Qe2 Qxg3+ 28.
Qg2 Qxh4 29. Qh2 Qg4+ 30. Qg2 Qd7 31. Be4 Nf4 32. Qg3 Ref8 33. Rf1 Ne2+ 0-1

[Event "Early-Titled-Tuesday-Blitz-October-17-2023"]
[Site "Chess.com"]
[Date "2023.10.17"]
[Round "5"]
[White "Masterbeaterr"]
[Black "Nekoo04"]
[Result "1-0"]
[WhiteElo "2435"]
[BlackElo "2261"]
[TimeControl "180+1"]
[EndTime "8:56:08 PDT"]
[Termination "Masterbeaterr won on time"]

1. d4 d5 2. c4 e6 3. Nc3 Nf6 4. cxd5 exd5 5. Bg5 c6 6. e3 Be7 7. Bd3 Nbd7 8. Qc2 h6 9. Bh4 Nh5 10. Bxe7 Qxe7 11. Nf3 Nhf6 12. O-O-O Nb6 13. Kb1 Bg4 14. h3 Bxf3 15. gxf3 O-O-O 16. Rc1 Kb8 17. Rhg1 g6 18. Qb3 Qe6 19. a4 Qxh3 20. a5 Nc4 21. Bxc4 dxc4 22. Qxc4 Qxf3 23. Qxf7 g5 24. a6 Qf5+ 25. e4 Rd7 26.
exf5 Rxf7 27. axb7 Rd8 28. Na4 Rxd4 29. Nc5 Ne4 30. Ne6 Rd2 31. Rxc6 1-0

[Event "Early-Titled-Tuesday-Blitz-October-17-2023"]
[Site "Chess.com"]
[Date "2023.10.17"]
[Round "5"]
[White "Cayse"]
[Black "SlavenPastar"]
[Result "1-0"]
[WhiteElo "2889"]
[BlackElo "2657"]
[TimeControl "180+1"]
[EndTime "8:56:09 PDT"]
[Termination "Cayse won on time"]

1. e4 b6 2. d4 Bb7 3. Bd3 Nf6 4. Qe2 e6 5. Nf3 d5 6. Nbd2 dxe4 7. Nxe4 Nbd7 8. Nxf6+ Nxf6 9. Bg5 Be7 10. O-O-O Nd5 11. Bd2 Bf6 12. Ne5 O-O 13. f4 c5 14. dxc5 bxc5 15. c4 Ne7 16. Be3 Bxe5 17. Bxh7+ Kxh7 18. Rxd8 Rfxd8 19. fxe5 Nf5 20. Bxc5 Rac8 21. Bxa7 Ra8 22. Bb6 Rxa2 23. Bxd8 Ra1+ 24. Kd2 Rxh1 25. g4 Nh6 26.
Bb6 Ra1 27. Kc3 Rc1+ 28. Kb4 Ba6 29. b3 g6 30. Be3 Ng8 31. Bxc1 1-0

[Event "Early-Titled-Tuesday-Blitz-October-17-2023"]
[Site "Chess.com"]
[Date "2023.10.17"]
[Round "5"]
[White "ukchessbomber"]
[Black "GMKrikor"]
[Result "0-1"]
[WhiteElo "2641"]
[BlackElo "2819"]
[TimeControl "180+1"]
[EndTime "8:56:11 PDT"]
[Termination "GMKrikor won by resignation"]

1. b4 b6 2. Bb2 Bb7 3. e3 Nf6 4.
Nf3 g6 5. Be2 Bg7 6. O-O O-O 7.
d4 e6 8. c4 d5 9. Nc3 Nbd7 10.
Qb3 a6 11. a4 Re8 12. Rac1 c6 13. Nb1 Ne4 14. Nbd2 f5 15. Rfd1 Qe7 16. b5 axb5 17.
axb5 c5 18. cxd5 exd5 19. dxc5 Ndxc5 20. Qb4 Ra4 21. Qxa4 Nxa4 22. Bxg7 Kxg7 23. Nxe4 dxe4 24. Nd4 Nc5 25. h3 h5 26. Bc4 Kh6 27. Ra1 Ra8 28.
Rac1 h4 29. Ne2 Rd8 30. Nd4 Qf6 31. Ra1 f4 32. Ra2 f3 33. g4 hxg3 34. fxg3 Ra8 35.
Rad2 Ra3 36. Kf2 Rxe3 0-1

[Event "Early-Titled-Tuesday-Blitz-October-17-2023"]
[Site "Chess.com"]
[Date "2023.10.17"]
[Round "5"]
[White "wanyaland"]
[Black "LamaChampetre"]
[Result "1-0"]
[WhiteElo "2411"]
[BlackElo "2215"]
[TimeControl "180+1"]
[EndTime "8:56:14 PDT"]
[Termination "wanyaland won on time"]

1. d4 Nf6 2. c4 g6 3. Nc3 d5 4.
Bf4 Bg7 5. e3 O-O 6. Rc1 c5 7.
dxc5 Qa5 8. cxd5 Rd8 9. d6 Nc6 10.
Nf3 Ne4 11. Qc2 Nxc3 12. bxc3 Qxc5 13. dxe7 Nxe7 14. Be2 Bf5 15. e4 Nd5 16. Bd2 Bxe4 17.
Qxe4 Re8 18. Qd3 Rad8 19. Nd4 Qe7 20. Kf1 a6 21. Bf3 Nb4 22. cxb4 Rxd4 23. Qc2 Red8 24.
Be3 Rxb4 25. Bc5 1-0